 Dungeon Crawl Stone Soup version 0.26-a0-651-gb41185065b (webtiles) character file.

Game seed: 7558182828322839769

140 kae the Changer (level 5, -7/44 HPs)
             Began as a Naga Transmuter on Oct 30, 2020.
             Mangled by a phantom (9 damage)
             ... on level 4 of the Dungeon.
             The game lasted 00:02:11 (2944 turns).

kae the Changer (Naga Transmuter)                   Turns: 2944, Time: 00:02:11

Health: -7/44      AC:  3    Str: 14    XL:     5   Next: 23%
Magic:  0/8        EV: 14    Int: 13    God:
Gold:   234        SH:  0    Dex: 11    Spells: 4/8 levels left

rFire    . . .     SeeInvis +     - Unarmed
rCold    . . .     Faith    .   (no shield)
rNeg     . . .     Spirit   +   a - +1 robe
rPois    +         Reflect  .   (no helmet)
rElec    .         Harm     +   c - scarf {harm}
rCorr    .         Rampage  .   (no gloves)
MR       .....                  (no barding)
Stlth    ++........             g - amulet of guardian spirit
HPRegen  0.14/turn              h - ring of stealth
MPRegen  0.11/turn              r - +4 ring of evasion

@: very slow
A: large, see invisible, deformed body, poison resistance, slowness 2, spit
poison 1, AC +1
a: Spit Poison


You were on level 4 of the Dungeon.
You visited 1 branch of the dungeon, and saw 4 of its levels.

You collected 234 gold pieces.

Inventory:

Armour
 a - a +1 robe (worn)
 c - a scarf of harm (worn)
 i - a +2 helmet
Jewellery
 g - an amulet of guardian spirit (around neck)
 h - a ring of stealth (left hand)
 r - a +4 ring of evasion (right hand)
Scrolls
 d - a scroll of identify
 l - a scroll of noise
 s - a scroll of blinking
Potions
 b - a potion of mutation
 e - a potion of haste
 f - a potion of flight
 j - a potion of degeneration {unknown}
 m - 2 potions of stabbing {unknown}
 n - a potion of lignification {unknown}


   Skills:
 - Level 1.0 Fighting
 - Level 1.5 Dodging
 + Level 3.8 Unarmed Combat
 - Level 2.0 Spellcasting
 * Level 4.1 Transmutations
 * Level 2.5 Poison Magic


You had 4 spell levels left.
You knew the following spells:

 Your Spells              Type           Power        Failure   Level
a - Beastly Appendage     Tmut           ##....       4%          1
b - Spider Form           Tmut/Pois      ##........   19%         3

Your spell library contained the following spells:

 Spells                   Type           Power        Failure   Level
 Wereblood                Tmut           ##......     7%          2
 Passwall                 Tmut/Erth      #.......     17%         2
 Sandblast                Erth           #.....       26%         1
 Confusing Touch          Hex            #.......     58%         3
 Gell's Gravitas          Tloc           #.........   58%         3
 Stone Arrow              Conj/Erth      #.....       58%         3
 Ice Form                 Ice/Tmut       #.......     73%         4
 Petrify                  Tmut/Erth      #.......     73%         4
 Blade Hands              Tmut           ##........   78%         5
 Yara's Violent Unravell  Hex/Tmut       #.........   97%         5
 Lee's Rapid Deconstruct  Erth           #.........   100%        5
 Metabolic Englaciation   Hex/Ice        #.........   100%        5


Dungeon Overview and Level Annotations

Branches:
Dungeon (4/15)
 Temple: D:4-7

Altars:
Dithmenos
Elyvilon
Makhleb
Nemelex Xobeh


Innate Abilities, Weirdness & Mutations

You cannot wear boots.
Your serpentine skin is tough. (AC +1)
You have supernaturally acute eyesight. (SInv)
Armour fits poorly on your strangely shaped body.
Your system is resistant to poisons. (rPois)
You cover ground very slowly.
You can spit poison.


Message History

The phantom hits you.
* * * LOW HITPOINT WARNING * * *
You closely miss the phantom. Your punch misses the phantom.
The phantom is severely damaged.
You hit the phantom.
The phantom is severely damaged.
The phantom barely misses you.
You miss the phantom.
The phantom is severely damaged.
Your transformation is almost over.
The phantom hits you!
* * * LOW HITPOINT WARNING * * *
You hit the phantom. Your headbutt misses the phantom.
The phantom is severely damaged.
It was a potion of cancellation.
Your magical effects are unravelling.
You feel magically purged.
Your horns disappear.
You feel yourself slow down. The phantom hits you!
You die...

######...######.##............#
#...# #.##..##.##.##### #...#
#........##.## ##...###
####..#####..##
#>§....#######..# #.#.##
#....#.......#.... ..###.##
#......#####.#......# ##[##
...§..##.# #.####### #...##
##.... ... #@# #.##...
#...!##.# #W# #.# #### ......
... ..# ## ##.#. ### ####


You could see a phantom.

Vanquished Creatures
  A howler monkey (D:3)
  A hound (D:4)
  An adder (D:3)
  An ooze (D:2)
  3 worms
  A dart slug (D:1)
  An orc (D:3)
  3 giant cockroaches
  8 goblins
  4 hobgoblins
  4 kobolds
  A quokka (D:2)
  A ball python (D:1)
  5 bats
  2 frilled lizards
  10 rats
47 creatures vanquished.

Notes
Turn   | Place    | Note
-------+----------+-------------------------------------------
     0 | D:1      | kae the Naga Transmuter began the quest for the Orb.
     0 | D:1      | Reached XP level 1. HP: 18/18 MP: 3/3
   325 | D:1      | Reached XP level 2. HP: 22/25 MP: 3/5
   874 | D:2      | Reached skill level 3 in Transmutations
  1093 | D:2      | Reached XP level 3. HP: 31/31 MP: 4/6
  1194 | D:2      | Found a sparkling altar of Nemelex Xobeh.
  1754 | D:3      | Found a white marble altar of Elyvilon.
  1960 | D:3      | Learned a level 3 spell: Spider Form
  2263 | D:3      | Reached skill level 1 in Poison Magic
  2263 | D:3      | Reached XP level 4. HP: 36/38 MP: 4/7
  2824 | D:4      | Found a burning altar of Makhleb.
  2824 | D:4      | Found a shadowy altar of Dithmenos.
  2870 | D:4      | Reached skill level 4 in Transmutations
  2870 | D:4      | Reached XP level 5. HP: 44/44 MP: 6/8
  2882 | D:4      | Noticed a phantom
  2942 | D:4      | HP: 2/44 [phantom (8)]
  2944 | D:4      | Mangled by a phantom

Illustrated notes

Levels and vault maps discovered:
D:1:      saegor_arrival_simple_a, layout_rooms
D:2:      layout_rooms, nemelex_altar_shiori
D:3:      layout_basic, old_standard_altar, grunt_decor_arrowhead
D:4:      layout_loops_cross, kennysheep_mini, marbit_many_paths,
          gammafunk_temple_overflow_elements, lemuel_angel_altar, uniq_edmund

Skill      XL: |  1  2  3  4 |
---------------+-------------+-----
Transmutations | 3 4 |  4.1
Poison Magic   | 1 2 |  2.5
Fighting       | |  1.0
Dodging        | |  1.5
Unarmed Combat | |  3.8
Spellcasting   | |  2.0

Action                   |  1- 3 |  4- 6 || total
-------------------------+-------+-------++-------
Melee: Unarmed           |   112 |    46 ||   158
       Headbutt          |     5 |     6 ||    11
       Punch             |       |     2 ||     2
 Cast: Beastly Appendage |    24 |     7 ||    31
 Abil: Spit Poison       |     5 |     3 ||     8
  Use: Scroll            |     6 |     7 ||    13
       Potion            |       |     2 ||     2
Armor: Robe              |    14 |     5 ||    19
Dodge: Dodged            |    66 |    19 ||    85

Table legend: (Time is in decaauts)
 A = Elapsed time spent in this place.
 B = Non-inter-level travel time spent in this place.
 C = Inter-level travel time spent in this place.
 D = Time resting spent in this place.
 E = Time spent auto-exploring this place.
 F = Levels seen in this place.
 G = Mean time per level.
                   A        B        C        D        E       F      G
               +--------+--------+--------+--------+--------+-----+--------+
         Total |   3490 |   3406 |     84 |     18 |   2903 |   4 |  872.5 |
       Dungeon |   3490 |   3406 |     84 |     18 |   2903 |   4 |  872.5 |
               +--------+--------+--------+--------+--------+-----+--------+

Top non-repeatable levels by time:
     D:3: 1285 daAuts
     D:2: 1138 daAuts
     D:1: 863 daAuts
     D:4: 202 daAuts
